 Dungeon Crawl Stone Soup version 0.20.0-10-g0535bb4 (webtiles) character file.

37 tkappleton the Slasher (level 3, -4/31 HPs)
             Began as a Minotaur Berserker on June 7, 2017.
             Was a Follower of Trog.
             Slain by an ogre
             ... wielding a +0 giant club
              (8 damage)
             ... on level 1 of the Dungeon.
             The game lasted 00:08:08 (1777 turns).

tkappleton the Slasher (Minotaur Berserker)         Turns: 1777, Time: 00:08:09

Health: -4/31      AC:  2    Str: 21    XL:     3   Next: 21%
Magic:  2/2        EV: 12    Int:  4    God:    Trog [*.....]
Gold:   36         SH:  0    Dex: 10    Spells: 2/2 levels left

rFire    . . .     SeeInvis .   a - +0 falchion
rCold    . . .     Gourm    .   (no shield)
rNeg     . . .     Faith    .   b - +0 animal skin
rPois    .         Spirit   .   (helmet restricted)
rElec    .         Reflect  .   (no cloak)
rCorr    .         Harm     .   (no gloves)
MR       .....                  (no boots)
Stlth    +.........             (no amulet)
Regen    0.1/turn               (no ring)
MPRegen  0.1/turn               (no ring)

@: no status effects
A: retaliatory headbutt, horns 2
a: Berserk, Burn Spellbooks, Renounce Religion


You were on level 1 of the Dungeon.
You worshipped Trog.
Trog was aware of your devotion.
You were not hungry.

You visited 1 branch of the dungeon, and saw 2 of its levels.

You collected 36 gold pieces.

Inventory:

Hand Weapons
 a - a +0 falchion (weapon)
Missiles
 d - 9 bolts
 e - 11 arrows
Armour
 b - a +0 animal skin (worn)
 l - a +0 ring mail
 m - a +0 ring mail
Scrolls
 g - a scroll of remove curse {unknown}
 j - a scroll of blinking {unknown}
 n - a scroll of identify {unknown}
Potions
 h - a potion of mutation {unknown}
 k - a potion of haste {unknown}
Comestibles
 c - a bread ration
 i - a royal jelly


   Skills:
 - Level 3.6 Fighting
 + Level 5.2 Long Blades
 - Level 2.4 Armour
 - Level 2.1 Dodging


You had 2 spell levels left.
You didn't know any spells.

Dungeon Overview and Level Annotations

Branches:
Dungeon (2/15)

Altars:


Innate Abilities, Weirdness & Mutations

You reflexively headbutt those who attack you in melee.
You have a pair of horns on your head.


Message History

The worm is severely wounded.
The worm bites you.
You barely miss the worm.
The worm is heavily wounded.
You completely miss the kobold. The kobold closely misses you.
The worm bites you!
* * * LOW HITPOINT WARNING * * *
You hit the kobold.
You kill the kobold!
Trog accepts your kill. The worm bites you.
* * * LOW HITPOINT WARNING * * *
Items here: $ ( ) ? a dagger; 3 stones; a scroll labeled LYEBBO FAEXKA; 7 gold pieces
There is a stone staircase leading up, spattered with blood here.
You climb upwards.
The ogre hits you with a giant club.
* * * LOW HITPOINT WARNING * * *
There is a stone staircase leading down here.
The ogre hits you with a giant club!
You die...

........# #..........#
.###.#..# #...######.#
.# #.#..# ##.## #.#
.###.#..###### #.# #.#
##...........#####.#
#####.#
#.###.......##....#
#.....# #.#
##.###..##.##.# #.#####
#.#
#.###..##.##.###.######
##.##
#........O@........รท..#
....#
#.###..##.######.####.#
###.###.###..##.# #.#
##.# .#...........##.#
#.###..#
#..###.......##.#
#.##...##
#..###..###.....#
#.#.....#### .#......#
#..#### #...........
###.##.## #..#
#..........# ....##.#
#..# #........#.#


You could see an ogre.

Vanquished Creatures
  An ooze (D:2)
  2 dart slugs
  A leopard gecko (D:2)
  A ball python (D:1)
  4 giant cockroaches (D:1)
  4 goblins
  3 hobgoblins (D:1)
  2 bats (D:1)
  2 frilled lizards (D:2)
  A kobold (D:2)
  5 rats
26 creatures vanquished.

Notes
Turn   | Place    | Note
-------+----------+-------------------------------------------
     0 | D:1      | tkappleton the Minotaur Berserker began the quest for the Orb.
     0 | D:1      | Reached XP level 1. HP: 19/19 MP: 0/0
   208 | D:1      | Reached skill level 4 in Long Blades
   329 | D:1      | Reached XP level 2. HP: 26/26 MP: 1/1
  1131 | D:1      | Noticed an ogre
  1346 | D:2      | Reached skill level 5 in Long Blades
  1358 | D:2      | Reached XP level 3. HP: 29/31 MP: 2/2
  1777 | D:1      | Slain by an ogre

Skill      XL: |  1  2 |
---------------+-------+-----
Long Blades    | 4 5 |  5.2
Fighting       | |  3.6
Armour         | |  2.4
Dodging        | |  2.1

Action                   || total
-------------------------++-------
Melee: Falchion          ||    60
       Headbutt          ||    10
 Stab: Sleeping          ||     1
  Eat: Chunk             ||     3
Armor: Animal skin       ||    12
Dodge: Dodged            ||    28
       Rpst.: Falchion   ||     7
